[Event "Team 45 45 League T40"]
[Site "Internet Chess Club"]
[Date "2009.02.15"]
[Round "3"]
[White "Rainbird"]
[Black "primerpaso"]
[Result "0-1"]
[WhiteElo "1781"]
[BlackElo "1778"]
[Opening "English opening"]
[ECO "A05"]
[Time "18:02:05"]
[TimeControl "2700+45"]

1. Nf3 Nf6 2. c4 g6 3. Nc3 Bg7 4. g3 d5 5. cxd5 Nxd5 6. e4 Nb4 7. d3 Bg4 8. Be2
Bxf3 9. Bxf3 Qxd3 10. Qxd3 Nxd3+ 11. Ke2 Ne5 12. Nd5 Na6 13. Bg2 c6 14. Ne3 O-O
15. f4 Nd7 16. Rb1 Nb6 17. b3 Rfd8 18. Ba3 e6 19. Bb2 Rd7 20. Bxg7 Kxg7 21. Rhd1
Rad8 22. Rxd7 Rxd7 23. b4 Nc7 24. Ng4 Nb5 25. Rc1 Rd4 26. Nf2 Rxb4 27. Nd3 Ra4
28. Nc5 Rxa2+ 29. Kf1 Nd6 30. e5 Nf5 31. Nxb7 Ne3+ 32. Kg1 Rxg2+ 33. Kh1 Rc2 34.
Ra1 Nbc4 35. h4 Nd2 36. Nd6 Nf3 {White resigns} 0-1

[Event "Team 45 45 League T40"]
[Site "Internet Chess Club"]
[Date "2009.02.13"]
[Round "3"]
[White "fishhead"]
[Black "SneakyRed"]
[Result "1-0"]
[WhiteElo "1799"]
[BlackElo "1903"]
[Opening "Caro-Kann: two knights, 3...Bg4"]
[ECO "B10"]
[Time "14:30:38"]
[TimeControl "2700+45"]

1. e4 c6 2. Nf3 d5 3. Nc3 Bg4 4. h3 Bxf3 5. Qxf3 e6 6. exd5 cxd5 7. Bb5+ Nd7 8.
d4 Nf6 9. Bf4 Be7 10. g4 h6 11. O-O-O a6 12. Bd3 Qb6 13. Qe3 Nb8 14. h4 Nxg4 15.
Qg3 h5 16. f3 Nf6 17. Bxb8 Qxd4 18. Bb5+ Nd7 19. Bxd7+ {Black resigns} 1-0

[Event "Team 45 45 League T40"]
[Site "Internet Chess Club"]
[Date "2009.02.15"]
[Round "3"]
[White "Duguesclin"]
[Black "CREDITorDEBIT"]
[Result "1-0"]
[WhiteElo "1645"]
[BlackElo "1688"]
[Opening "King's Indian: Four pawns attack"]
[ECO "E76"]
[Time "09:48:46"]
[TimeControl "2700+45"]

1. d4 Nf6 2. c4 g6 3. Nc3 Bg7 4. e4 d6 5. f4 O-O 6. Nf3 Bg4 7. Be2 Nbd7 8. O-O
c6 9. e5 Ne8 10. Be3 Qc7 11. Rc1 dxe5 12. fxe5 a5 13. Ng5 Bxe2 14. Qxe2 h6 15.
Nge4 f5 16. exf6 exf6 17. c5 f5 18. Qc4+ Kh7 19. Bf4 Qd8 20. Nd6 Nxd6 21. Bxd6
Rf6 22. d5 Bf8 23. Bxf8 Qxf8 24. d6 Re8 25. Rce1 b5 26. Qd4 Rfe6 27. Rxe6 Rxe6
28. a3 a4 29. g4 Qf6 30. Qf2 fxg4 31. Qg2 Qd4+ 32. Kh1 Ne5 33. Rd1 Qxc5 34. d7
Rd6 35. d8=Q Rxd8 36. Rxd8 Qe3 37. Rd1 Nd3 38. Ne4 h5 39. Rf1 Kh6 40. Qd2 Qxd2
41. Nxd2 Nxb2 42. Rc1 Nd3 43. Rxc6 b4 44. axb4 Nxb4 45. Rc4 Nd5 46. Rxa4 Ne3 47.
Ne4 h4 48. Nf2 Kh5 49. Re4 g3 50. hxg3 hxg3 51. Rxe3 gxf2 52. Kg2 {Black
resigns} 1-0

[Event "Team 45 45 League T40"]
[Site "Internet Chess Club"]
[Date "2009.02.15"]
[Round "3"]
[White "Mater"]
[Black "Konstantinos"]
[Result "0-1"]
[WhiteElo "1663"]
[BlackElo "1709"]
[Opening "QGD semi-Slav"]
[ECO "D43"]
[Time "12:00:06"]
[TimeControl "2700+45"]

1. d4 d5 2. c4 c6 3. Nc3 Nf6 4. Nf3 e6 5. cxd5 cxd5 6. a3 Be7 7. Bf4 a6 8. h3
O-O 9. e3 Bd7 10. Bd3 Nc6 11. O-O Rc8 12. Bc2 Na5 13. Qd3 Nc4 14. Rab1 Nd6 15.
Nd2 Nb5 16. Be5 g6 17. a4 Nxc3 18. bxc3 Qa5 19. c4 Bc6 20. c5 Nd7 21. Bf4 Qd8
22. e4 dxe4 23. Nxe4 Nf6 24. Qe3 Nd5 25. Qg3 Nxf4 26. Qxf4 Qxd4 27. Rbd1 Qg7 28.
Nd6 Rcd8 29. Rd3 Bxd6 30. cxd6 Rd7 31. Rfd1 Rfd8 32. a5 Qb2 33. R1d2 Qa1+ 34.
Rd1 Qxa5 35. Bb3 Kg7 36. Qd4+ Kg8 37. Qe3 Qf5 38. Qg3 Kg7 39. Rd4 Qc5 40. Rc4
Qa3 41. Rcd4 Qa5 42. Qe3 Qc5 43. Qf4 e5 44. Qg5 Rxd6 45. Rxd6 Rxd6 46. Rc1 Qb5
47. Qe3 Rd3 48. Rc5 Rxe3 49. Rxb5 Bxb5 50. fxe3 Bc6 51. g3 f6 52. Kf2 Kf8 53.
Ke2 Ke7 54. Kd3 Kd6 55. h4 h6 56. Bf7 g5 57. hxg5 hxg5 58. Kc4 a5 {White
resigns} 0-1

[Event "Team 45 45 League T40"]
[Site "Internet Chess Club"]
[Date "2009.02.15"]
[Round "3"]
[White "Ianjo"]
[Black "xakelari"]
[Result "1/2-1/2"]
[WhiteElo "1846"]
[BlackElo "2066"]
[Opening "Evans gambit"]
[ECO "C52"]
[Time "15:30:19"]
[TimeControl "2700+45"]

1. e4 e5 2. Nf3 Nc6 3. Bc4 Bc5 4. b4 Bxb4 5. c3 Ba5 6. d4 exd4 7. O-O Nge7 8.
cxd4 d5 9. exd5 Nxd5 10. Qb3 Be6 11. Qxb7 Ndb4 12. Bb5 Bd5 13. Ne5 O-O 14. Bxc6
Rb8 15. Qxa7 Bb6 16. Qa3 Nxc6 17. Nxc6 Bxc6 18. Bb2 Bxd4 19. Bxd4 Qxd4 20. Qc3
Rfd8 21. Qxd4 Rxd4 22. Nc3 Rc4 23. Rfc1 Ra8 24. Kf1 Ra3 25. Rab1 h6 26. Ne2
Rxc1+ 27. Rxc1 Bb5 28. Rc2 Bd3 29. Rb2 Bc4 30. Rc2 Bd3 31. Rb2 Bc4 32. Rc2 Bd3
{Game drawn by repetition} 1/2-1/2

[Event "Team 45 45 League T40"]
[Site "Internet Chess Club"]
[Date "2009.02.15"]
[Round "3"]
[White "IceBox"]
[Black "Frieloe"]
[Result "1-0"]
[WhiteElo "1731"]
[BlackElo "1864"]
[Opening "Old Indian defense"]
[ECO "A42"]
[Time "11:01:18"]
[TimeControl "2700+45"]

1. d4 d6 2. c4 f5 3. e4 fxe4 4. Nc3 Nf6 5. f3 exf3 6. Nxf3 Bg4 7. Be2 Nc6 8. O-O
g6 9. Ng5 Bxe2 10. Nxe2 Qd7 11. d5 Nd8 12. Nf4 Bh6 13. Nfe6 Bxg5 14. Bxg5 Nxe6
15. Bxf6 exf6 16. Rxf6 Ng7 17. Qf3 O-O-O 18. Rf7 Qa4 19. Rxg7 Qxc4 20. Qf7 Qc2
21. Rf1 Qe4 22. Qxc7# {Black checkmated} 1-0

[Event "Team 45 45 League T40"]
[Site "Internet Chess Club"]
[Date "2009.02.13"]
[Round "3"]
[White "LuxAeterna"]
[Black "egd01"]
[Result "1-0"]
[WhiteElo "1833"]
[BlackElo "1509"]
[Opening "Sicilian: Najdorf"]
[ECO "B90"]
[Time "19:02:31"]
[TimeControl "2700+45"]

1. e4 c5 2. Nf3 d6 3. d4 cxd4 4. Nxd4 Nf6 5. Nc3 a6 6. Bd3 e5 7. Nf5 Nc6 8. a3
Be6 9. Be3 Ne7 10. g4 h5 11. g5 Ng4 12. Bd2 Qb6 13. Qe2 Nxf2 14. Qxf2 Qxb2 15.
Nxd6+ Kd7 16. Rb1 Qxa3 17. Nxf7 Rg8 18. Rxb7+ Kc8 19. Qb6 Nd5 20. exd5 Qc5 21.
Qc6+ Qxc6 22. dxc6 Bc5 23. Ne4 Bd5 24. Nfd6+ Bxd6 25. Nxd6+ Kd8 26. Ba5# {Black
checkmated} 1-0

[Event "Team 45 45 League T40"]
[Site "Internet Chess Club"]
[Date "2009.02.14"]
[Round "3"]
[White "arriero55"]
[Black "raimundo"]
[Result "0-1"]
[WhiteElo "1459"]
[BlackElo "1665"]
[Opening "Alekhine's defense: Scandinavian variation"]
[ECO "B02"]
[Time "13:01:39"]
[TimeControl "2700+45"]

1. e4 Nf6 2. Nc3 d5 3. e5 Ne4 4. d4 c5 5. Nxe4 dxe4 6. Bb5+ Nc6 7. Bxc6+ bxc6 8.
dxc5 Qa5+ 9. Bd2 Qxc5 10. Bc3 Ba6 11. Qd4 Qb5 12. Rd1 Qf1+ 13. Kd2 Qxg2 14. Kc1
Qg5+ 15. Kb1 Qf5 16. h4 f6 17. f4 exf3 18. Nxf3 Qxf3 19. exf6 gxf6 20. Qd7+ Kf7
21. Rhe1 Re8 22. Qe6+ Kg6 23. Rg1+ Kh5 24. Qf7+ Kxh4 25. Rd4+ Kh3 26. Qh5+ Qxh5
27. Rh1+ Kg2 28. Rxh5 e5 29. Rd2+ Kf3 30. Rf5+ Ke4 31. Rxf6 Rg8 32. Rd1 Rg6 33.
Re1+ Kd5 34. Rd1+ Kc5 35. Rf7 Rg7 36. Rf5 Rge7 37. Bd4+ Kb5 38. Be3 Bc8 39. Rf6
Bg7 40. a4+ Kxa4 41. Rxc6 Kb5 42. Rc5+ Ka6 43. Rd6+ Kb7 44. Rb5+ Ka8 45. Ra5 h5
{White forfeits on time} 0-1

[Event "Team 45 45 League T40"]
[Site "Internet Chess Club"]
[Date "2009.02.15"]
[Round "3"]
[White "ddlj81"]
[Black "jesterday"]
[Result "1-0"]
[WhiteElo "1864"]
[BlackElo "1951"]
[Opening "Ruy Lopez: Trajkovic counter-attack"]
[ECO "C88"]
[Time "07:01:32"]
[TimeControl "2700+45"]

1. e4 e5 2. Nf3 Nc6 3. Bb5 a6 4. Ba4 Nf6 5. O-O b5 6. Bb3 Be7 7. Re1 Bb7 8. d3
d6 9. c3 Na5 10. Bc2 c5 11. d4 cxd4 12. cxd4 Qc7 13. Bd2 Nc6 14. d5 Na5 15. a4
O-O 16. Na3 Nc4 17. Nxc4 Qxc4 18. Bb3 Qc7 19. Rc1 Qd7 20. a5 Ne8 21. Qe2 f5 22.
exf5 Rxf5 23. Nd4 Rf7 24. Ne6 Rc8 25. Rxc8 Bxc8 26. Rc1 Bd8 27. Qd3 Nf6 28. Rc6
Bb7 29. Bb4 Ne8 30. Rc3 Kh8 31. Qh3 Qe7 32. Re3 Qh4 33. Qxh4 Bxh4 34. f4 exf4
35. Nxf4 Re7 36. Rh3 Bf6 37. Ng6+ Kg8 38. Nxe7+ Bxe7 39. Bc3 Nf6 40. Re3 Kf7 41.
Rf3 Ke8 42. Rh3 h6 43. Rg3 Nh5 44. Re3 Kd8 45. Kf2 Nf6 46. Rf3 Ne4+ 47. Ke3 Nxc3
48. bxc3 Bf6 49. c4 Ke7 50. cxb5 axb5 51. Ke4 b4 52. Bc4 Kd7 53. a6 Ba8 54. Rb3
Bc3 55. Kf5 Kc7 56. Ke6 Bd2 57. Kf7 Bc3 58. Ke7 Bd2 59. Rf3 Bg5+ 60. Ke6 Bf6 61.
h3 Be5 62. Rf8 {Black resigns} 1-0

[Event "Team 45 45 League T40"]
[Site "Internet Chess Club"]
[Date "2009.02.15"]
[Round "3"]
[White "makito"]
[Black "whitetiger"]
[Result "0-1"]
[WhiteElo "1816"]
[BlackElo "1868"]
[Opening "Grünfeld: Spassky variation, main line, 10...cd, 11.cd"]
[ECO "D88"]
[Time "11:58:27"]
[TimeControl "2700+45"]

1. d4 Nf6 2. c4 g6 3. Nc3 d5 4. cxd5 Nxd5 5. e4 Nxc3 6. bxc3 Bg7 7. Be3 c5 8.
Bc4 Nc6 9. Ne2 cxd4 10. cxd4 O-O 11. O-O Bd7 12. Rb1 Rc8 13. Bd3 Qc7 14. d5 Ne5
15. Bxa7 Nxd3 16. Qxd3 Qc2 17. Qxc2 Rxc2 18. Rxb7 Bc8 19. Rxe7 Rxe2 20. a3 Bf6
21. Rc7 Rxe4 22. Bc5 Rc4 23. Rc6 Rd8 24. Bb6 Rxc6 25. dxc6 Rd3 26. Re1 Rxa3 27.
Bc5 Ra1 28. Rxa1 Bxa1 29. Kf1 f5 30. Ke2 Kf7 31. Kd3 Ba6+ 32. Ke3 Ke6 33. c7 Be5
34. Bb6 Kd7 35. h3 Bxc7 36. Bxc7 Kxc7 37. g4 Bf1 38. gxf5 g5 39. f4 Bxh3 40.
fxg5 Bxf5 41. Kf4 Bg6 42. Ke5 Kd7 43. Kd5 Ke7 44. Ke5 Kf7 45. Kf4 Bb1 46. Kg4
Kg6 47. Kh4 Bf5 48. Kg3 Kxg5 {White resigns} 0-1

[Event "Team 45 45 League T40"]
[Site "Internet Chess Club"]
[Date "2009.02.12"]
[Round "3"]
[White "siddhu"]
[Black "besonegro"]
[Result "1/2-1/2"]
[WhiteElo "1759"]
[BlackElo "1730"]
[Opening "Scandinavian: Marshall variation"]
[ECO "B01"]
[Time "12:01:45"]
[TimeControl "2700+45"]

1. e4 d5 2. exd5 Nf6 3. d4 Nxd5 4. c4 Nb6 5. Nf3 Bg4 6. Be2 e6 7. b3 Be7 8. O-O
O-O 9. Bb2 N8d7 10. Ne5 Bf5 11. Nc3 Nxe5 12. dxe5 Qxd1 13. Rfxd1 c6 14. Bd3 Bxd3
15. Rxd3 Rfd8 16. Rad1 Rxd3 17. Rxd3 Rd8 18. Rxd8+ Bxd8 19. Ne4 Nc8 20. Ba3 b6
21. f4 c5 22. b4 cxb4 23. Bxb4 f6 24. Kf2 Kf7 25. Ke3 Ke8 26. Kd4 Kd7 27. g4 Ne7
28. Bc3 fxe5+ 29. fxe5 Ng6 30. Ng3 Nxe5 31. Kxe5 Bf6+ 32. Ke4 Bxc3 33. Ne2 Bf6
34. Nf4 Kd6 35. Nd3 h6 36. h3 a6 37. a4 a5 38. Kf3 g6 39. Ke3 e5 40. Ke4 {Game
drawn by mutual agreement} 1/2-1/2

[Event "Team 45 45 League T40"]
[Site "Internet Chess Club"]
[Date "2009.02.14"]
[Round "3"]
[White "Orinal"]
[Black "budugu"]
[Result "1/2-1/2"]
[WhiteElo "1484"]
[BlackElo "1541"]
[Opening "Scotch gambit: Benima defense"]
[ECO "C50"]
[Time "10:02:33"]
[TimeControl "2700+45"]

1. e4 e5 2. Nf3 Nc6 3. Bc4 Be7 4. d4 exd4 5. Nxd4 Ne5 6. Bb3 d6 7. Nc3 Nf6 8.
O-O O-O 9. f4 Ng6 10. Be3 c5 11. Nde2 Qb6 12. Qe1 Ng4 13. Nd5 Qd8 14. Qg3 Nxe3
15. Qxe3 b5 16. c4 a6 17. Rad1 Bb7 18. e5 Bxd5 19. Rxd5 Qc7 20. f5 Nxe5 21. f6
Ng4 22. Qh3 Nxf6 23. Bc2 g6 24. Rdf5 Kg7 25. Nc3 h6 26. Rxf6 Bxf6 27. Rxf6 Qe7
28. Nd5 Qe1+ 29. Rf1 Qe2 30. Qc3+ Qe5 31. cxb5 Qxc3 32. Nxc3 axb5 33. Nxb5 Rxa2
34. Nxd6 Rxb2 35. Be4 f5 36. Bf3 Rd8 37. Nb7 Rc8 38. Rc1 Rc7 39. Nxc5 Kf6 40.
Ne4+ fxe4 41. Rxc7 exf3 42. gxf3 Kg5 43. Rc4 h5 44. h4+ Kf5 45. Ra4 Ke5 46. Rc4
Kf5 47. Ra4 Kf6 48. Ra5 Rb4 49. Ra6+ Kf5 50. Ra5+ Kf4 51. Rg5 Kxf3 52. Rxg6 Rxh4
53. Rf6+ Kg3 54. Ra6 Rf4 55. Ra3+ Kg4 56. Kg2 h4 57. Ra8 h3+ 58. Kg1 Kg3 59.
Ra3+ Kh4 60. Ra8 Rg4+ 61. Kh1 Re4 62. Rh8+ Kg3 63. Rg8+ Kf3 64. Kh2 Rh4 65. Rg3+
Kf2 66. Rxh3 Rxh3+ 67. Kxh3 {Game drawn because neither player has mating
material} 1/2-1/2

[Event "Team 45 45 League T40"]
[Site "Internet Chess Club"]
[Date "2009.02.13"]
[Round "3"]
[White "SlimeDog2"]
[Black "RiverOfLife"]
[Result "1-0"]
[WhiteElo "2188"]
[BlackElo "2076"]
[Opening "Benoni: fianchetto variation"]
[ECO "A62"]
[Time "21:31:31"]
[TimeControl "2700+45"]

1. d4 Nf6 2. c4 c5 3. d5 e6 4. Nc3 exd5 5. cxd5 d6 6. Nf3 g6 7. g3 Bg7 8. Bg2
O-O 9. O-O Re8 10. h3 a6 11. a4 Nbd7 12. Nd2 Nh5 13. Nc4 Ne5 14. Na3 f5 15. e4
Nf6 16. f4 Nf7 17. exf5 Bxf5 18. g4 Bd7 19. Qf3 Rb8 20. Rb1 b5 21. axb5 axb5 22.
b4 cxb4 23. Rxb4 Qa5 24. Nc2 Rec8 25. Bd2 Rc5 26. Ra1 Qb6 27. Na4 Qc7 28. Nc3
Nxg4 29. Nd4 Ngh6 30. Nc6 Bxc6 31. dxc6 Nf5 32. Ra6 Nd4 33. Qd3 Nxc6 34. Rxb5
Nb4 35. Rxb4 Rxb4 36. Nd5 Rd4 37. Ra8+ Nd8 38. Nxc7 Rxd3 39. Rxd8+ Kf7 40. Rd7+
Kf6 41. Bb4 Rc1+ 42. Kh2 Bh6 43. Nd5+ Kf5 44. Rf7+ Ke6 45. Re7+ Kf5 46. Be4#
{Black checkmated} 1-0

[Event "Team 45 45 League T40"]
[Site "Internet Chess Club"]
[Date "2009.02.15"]
[Round "3"]
[White "PawnMorphy"]
[Black "GeofDeV"]
[Result "1-0"]
[WhiteElo "1920"]
[BlackElo "1909"]
[Opening "QGD: 4.Nf3"]
[ECO "D37"]
[Time "10:04:54"]
[TimeControl "2700+45"]

1. d4 d5 2. Nf3 Nf6 3. c4 e6 4. Nc3 Be7 5. Bg5 h6 6. Bxf6 Bxf6 7. e3 O-O 8. Qb3
c6 9. Be2 Nd7 10. O-O dxc4 11. Bxc4 b5 12. Be2 Bb7 13. Rac1 a6 14. Ne4 Rc8 15.
Nd6 Rc7 16. Nxb7 Rxb7 17. Rxc6 Nb6 18. Rfc1 Qd7 19. Qc3 Ra8 20. b3 Nc4 21. Ne5
Bxe5 22. Bf3 Bf6 23. bxc4 b4 24. Qb3 Raa7 25. c5 Rb8 26. Rb6 Qc7 27. Rxb4 Rxb4
28. Qxb4 a5 29. Qb6 Be7 30. Rb1 e5 31. Qxc7 Rxc7 32. Rb5 exd4 33. exd4 Bf6 34.
d5 Be7 35. c6 Bb4 36. Rxb4 axb4 37. d6 Ra7 38. c7 Rxa2 39. c8=Q+ Kh7 40. Be4+ g6
41. Qc2 Ra1+ 42. Qb1 {Black resigns} 1-0

[Event "Team 45 45 League T40"]
[Site "Internet Chess Club"]
[Date "2009.02.13"]
[Round "3"]
[White "taulanipov"]
[Black "LAJ"]
[Result "0-1"]
[WhiteElo "2055"]
[BlackElo "1920"]
[Opening "French: advance, Nimzovich variation"]
[ECO "C02"]
[Time "05:33:06"]
[TimeControl "2700+45"]

1. e4 e6 2. d4 d5 3. e5 c5 4. Qg4 Qa5+ 5. Bd2 Nh6 6. Qxe6+ fxe6 7. Bxa5 Nc6 8.
Bd2 Nxd4 9. Bxh6 Nxc2+ 10. Kd1 Nxa1 11. Bc1 c4 12. Be3 Bb4 13. Kc1 O-O 14. Nc3
Bd7 15. Kb1 Nb3 16. axb3 cxb3 17. Nf3 Bxc3 18. bxc3 a5 19. Kb2 a4 20. Bc5 Rfc8
21. Bb4 g6 22. Bd3 Kg7 23. Rf1 b6 24. Nd4 Kf7 25. f4 Ra7 26. g4 Rg8 27. h3 h6
28. Re1 Rc7 29. Nb5 Rc6 30. Nd6+ Kg7 31. Rg1 Kh7 32. h4 Rf8 33. Rf1 Kg7 34. Nb5
Rg8 35. Nd4 Rcc8 36. Rf2 Rce8 37. Bd6 Kh8 38. Ka3 Rc8 39. Bb4 Ra8 40. Bb5 Bxb5
41. Nxb5 Rgc8 42. Nd4 Re8 43. Rf1 Kg7 44. Nb5 Rec8 45. Nd6 Rg8 46. Rd1 Kh8 47.
Nf7+ Kh7 48. Nd6 Kh8 49. Rd4 h5 50. Nf7+ Kg7 51. Ng5 Rge8 52. gxh5 gxh5 53. Bd6
Kg6 54. Rb4 Kf5 55. Rd4 b5 56. Bb4 Kg4 57. Nh7 Rh8 58. Nf6+ Kf5 59. Kb2 Rac8 60.
Bd6 Rc4 61. Rd2 Rxf4 62. Rg2 Rxh4 63. Ng8 Ke4 64. Ne7 Rg4 65. Rh2 h4 66. Nc6 h3
67. Re2+ Kf3 68. Re1 h2 69. Nd4+ Kf2 70. Rb1 Rg1 {White resigns} 0-1

[Event "Team 45 45 League T40"]
[Site "Internet Chess Club"]
[Date "2009.02.13"]
[Round "3"]
[White "AVEMARIA"]
[Black "Marichan"]
[Result "0-1"]
[WhiteElo "1683"]
[BlackElo "1806"]
[Opening "Pirc: classical system, 5.Be2"]
[ECO "B08"]
[Time "15:07:33"]
[TimeControl "2700+45"]

1. e4 d6 2. d4 Nf6 3. Nc3 g6 4. Nf3 Bg7 5. Be2 c6 6. O-O b5 7. a3 O-O 8. h3 Nbd7
9. Be3 a5 10. e5 Ne8 11. d5 Nxe5 12. Nxe5 Bxe5 13. dxc6 Nc7 14. Bb6 Bxc3 15.
bxc3 Ra6 16. Bxc7 Qxc7 17. Bxb5 Rb6 18. a4 Ba6 19. c4 Bc8 20. Qd2 Rb8 21. Rfe1
Be6 22. Qd4 Rfd8 23. Qf4 Qb6 24. Rad1 Rbc8 25. Qg5 Qc7 26. Rd4 Kg7 27. Rh4 Rh8
28. Qh6+ Kg8 29. Rd4 Rd8 30. Qf4 Qb6 31. c3 Kg7 32. Red1 Bf5 33. Qe3 Rhe8 34.
Qd2 Rc8 35. Rh4 Rh8 36. Qd4+ Qxd4 37. Rhxd4 Rc7 38. g4 Be6 39. f4 f6 40. Re1 Bf7
41. c5 dxc5 42. Rd7 Rxd7 43. cxd7 e6 44. g5 Rd8 45. gxf6+ Kxf6 46. Re5 Ke7 47.
Rxc5 Kd6 48. Rc8 Ke7 49. Rc7 h6 50. h4 g5 51. hxg5 hxg5 52. Rc8 gxf4 53. Rxd8
Kxd8 54. Kf2 e5 55. Kf3 Bd5+ 56. Ke2 Be6 57. Bd3 Bxd7 58. Bc2 Bg4+ 59. Kd3 Bf5+
60. Kd2 Bxc2 61. Kxc2 Kc7 62. Kd3 Kc6 63. Ke4 Kc5 64. Kf3 Kc4 {White resigns}
0-1

[Event "Team 45 45 League T40"]
[Site "Internet Chess Club"]
[Date "2009.02.12"]
[Round "3"]
[White "Ptzz"]
[Black "eurander"]
[Result "1/2-1/2"]
[WhiteElo "2112"]
[BlackElo "2214"]
[Opening "Grünfeld: modern exchange variation"]
[ECO "D85"]
[Time "17:00:06"]
[TimeControl "2700+45"]

1. d4 Nf6 2. c4 g6 3. Nc3 d5 4. cxd5 Nxd5 5. e4 Nxc3 6. bxc3 Bg7 7. Nf3 c5 8.
Rb1 O-O 9. Be2 cxd4 10. cxd4 Qa5+ 11. Bd2 Qxa2 12. O-O Bg4 13. Rxb7 Bxf3 14.
Bxf3 Bxd4 15. Bb4 Nc6 16. Bxe7 Rfe8 17. Bh4 Bb6 18. Qc1 Nd4 19. Qf4 Nxf3+ 20.
Qxf3 Rab8 21. Rxb8 Rxb8 22. Bf6 Qe6 23. Qf4 Rc8 24. e5 Bd8 25. Qd4 Be7 26. Rd1
Bxf6 27. exf6 h5 28. h3 Rc6 29. Qxa7 Qxf6 30. Qb8+ Kh7 31. Qd8 {Game drawn by
mutual agreement} 1/2-1/2

[Event "Team 45 45 League T40"]
[Site "Internet Chess Club"]
[Date "2009.02.14"]
[Round "3"]
[White "pestka"]
[Black "Zumbi"]
[Result "1/2-1/2"]
[WhiteElo "2214"]
[BlackElo "2060"]
[Opening "QGD semi-Slav: Stoltz variation"]
[ECO "D45"]
[Time "00:26:25"]
[TimeControl "2700+45"]

1. Nf3 d5 2. d4 Nf6 3. c4 e6 4. Nc3 c6 5. e3 Nbd7 6. Qc2 Bd6 7. b3 O-O 8. Bb2 b6
9. Be2 Bb7 10. O-O Re8 11. Rad1 Qe7 12. e4 Nxe4 13. Nxe4 dxe4 14. Qxe4 Nf6 15.
Qh4 c5 16. dxc5 Bxc5 17. Ne5 Rad8 18. Bd3 Ne4 {Game drawn by mutual agreement}
1/2-1/2

[Event "Team 45 45 League T40"]
[Site "Internet Chess Club"]
[Date "2009.02.14"]
[Round "3"]
[White "mitus"]
[Black "gok"]
[Result "1-0"]
[WhiteElo "1886"]
[BlackElo "1752"]
[Opening "Ruy Lopez: Marshall counter-attack"]
[ECO "C89"]
[Time "02:36:48"]
[TimeControl "2700+45"]

1. e4 e5 2. Nf3 Nc6 3. Bb5 a6 4. Ba4 Nf6 5. O-O Be7 6. Re1 b5 7. Bb3 O-O 8. c3
d5 9. d3 dxe4 10. dxe4 Bb7 11. Bg5 h6 12. Bh4 Nd7 13. Bxe7 Qxe7 14. Nbd2 Rad8
15. Qe2 Nb6 16. Nf1 Na5 17. Bc2 Nac4 18. b3 Nd6 19. Ng3 g6 20. Qe3 Kg7 21. h4 h5
22. Qg5 Qxg5 23. Nxg5 Bc8 24. Rad1 f6 25. Nf3 Bg4 26. Rd3 Nf7 27. Nd2 Rxd3 28.
Bxd3 Rd8 29. Re3 c5 30. f3 Bc8 31. Ngf1 Be6 32. Bc2 Nd6 33. a3 c4 34. b4 Nf7 35.
g3 Nc8 36. Re2 Nb6 37. Ne3 Nh6 38. Ndf1 Na4 39. Bxa4 bxa4 40. Rd2 Rd3 41. Rxd3
cxd3 42. Nd2 Nf7 43. c4 Nd6 44. Kf2 Nb7 45. c5 Bd7 46. Nec4 a5 47. Nxa5 Nxa5 48.
bxa5 Bb5 49. Ke3 Kf7 50. Nb1 Ke7 51. Nc3 Ba6 52. Nxa4 Kd7 53. Nb2 Kc6 54. Nxd3
Bb5 55. f4 exf4+ 56. Nxf4 g5 57. Nxh5 gxh4 58. gxh4 Kxc5 59. Nxf6 Kc4 60. h5
{Black resigns} 1-0

[Event "Team 45 45 League T40"]
[Site "Internet Chess Club"]
[Date "2009.02.13"]
[Round "3"]
[White "vollmerj"]
[Black "AntonioMendonca"]
[Result "0-1"]
[WhiteElo "1764"]
[BlackElo "1718"]
[Opening "Sicilian: dragon variation"]
[ECO "B70"]
[Time "18:42:31"]
[TimeControl "2700+45"]

1. e4 c5 2. Nf3 d6 3. d4 cxd4 4. Nxd4 Nf6 5. Nc3 g6 6. Bg5 Bg7 7. Bc4 O-O 8. O-O
Nc6 9. Nxc6 bxc6 10. Re1 Rb8 11. Rb1 Be6 12. Bxe6 fxe6 13. e5 Nd5 14. Nxd5 exd5
15. exd6 Qb6 16. Qe2 exd6 17. Rf1 Rbe8 18. Qd2 Rf5 19. Be3 d4 20. Bh6 Bxh6 21.
Qxh6 Re2 22. Qc1 d3 23. cxd3 Rfxf2 24. Qc4+ d5 25. Qc3 Rxg2+ 26. Kh1 Rxh2#
{White checkmated} 0-1